 Dungeon Crawl Stone Soup version 0.31-a0-544-gceb718ecc6 (webtiles) character file.

Game seed: 14470562391584718209

554137 olmar the Impregnable (level 25, -3/267 HPs)
             Began as an Armataur Fighter on Aug 14, 2023.
             Was an Initiate of Gozag.
             Killed from afar by a yellow draconian annihilator (60 damage)
             ... with a crystal spear
             ... on level 2 of the Realm of Zot on Aug 15, 2023.
             The game lasted 02:19:52 (66575 turns).

olmar the Impregnable (Armataur Fighter)           Turns: 66575, Time: 02:19:53

Health: -3/267     AC: 26    Str: 30    XL:     25   Next: 14%
Magic:  32/32      EV:  8    Int: 16    God:    Gozag
Gold:   6579       SH: 16    Dex: 27    Spells: 24/24 levels left

rFire   + + +        b - +10 eveningstar of War {freeze, MP+9 Int+2}
rCold   + + +        p - +2 shield of Resistance {rF++ rC++ Will++}
rNeg    + + +        R - +1 pearl dragon scales "Wecynlim" {rElec rN+ Int+2}
rPois   +            T - +0 helmet of the Equator {Regen+ Str-4 Int+2}
rElec   +            D - +2 cloak of the Big Bang {rPois Regen+ Int+4}
rCorr   .            v - +1 pair of gloves of Dokaz {rF+ rC+ Str+2}
SInv    .            E - +4 barding {rC+}
Will    +++++        f - amulet "Jomasmoc" {Will++ Regen+ Str-2}
Stlth   +            j - ring of Deojamaw {rN+ Str+2 Dex+2 Slay+5}
HPRegen 3.04/turn    B - ring of Byelets {rN+ Str+3 Dex+6}
MPRegen 0.23/turn

%: roll
@: corroded, studying 2 skills
A: large, rugged brown scales 3, deformed body, armoured tail, roll, long
tongue, awkward tongue, hooves 1, agile 2, dopey 1, subdued magic 1
}: 3/15 runes: decaying, silver, gossamer
a: Renounce Religion, Potion Petition, Call Merchant, Bribe Branch


You were on level 2 of the Realm of Zot.
You worshipped Gozag.
Gozag was greatly pleased with you.
You visited 11 branches of the dungeon, and saw 48 of its levels.
You visited the Abyss 1 time.
You visited 1 bazaar.
You also visited: Ice Cave.

You collected 27515 gold pieces.
You spent 7140 gold pieces at shops.
You paid 13796 gold pieces to Gozag.

Inventory:

Hand Weapons
 b - the +10 eveningstar of War (weapon) {freeze, MP+9 Int+2}
   (You acquired it on level 5 of the Lair of Beasts)

   Int+2:     It affects your intelligence (+2).
   MP+9:      It affects your magic capacity (+9).
Missiles
 J - 4 curare-tipped darts
Armour
 p - the +2 shield of Resistance (worn) {rF++ rC++ Will++}
   (You bought it in a shop on level 1 of the Depths)

   rF++:      It greatly protects you from fire.
   rC++:      It greatly protects you from cold.
   Will++:    It greatly increases your willpower.
 u - the +4 plate armour of Lust {rF+ rN+ Str+4}
   (You found it on level 7 of the Dungeon)

   Str+4:     It affects your strength (+4).
   rF+:       It protects you from fire.
   rN+:       It protects you from negative energy.
 v - the +1 pair of gloves of Dokaz (worn) {rF+ rC+ Str+2}
   (You found it on level 5 of the Vaults)

   Str+2:     It affects your strength (+2).
   rF+:       It protects you from fire.
   rC+:       It protects you from cold.
 D - the +2 cloak of the Big Bang (worn) {rPois Regen+ Int+4}
   (You found it on level 3 of the Elven Halls)

   Int+4:     It affects your intelligence (+4).
   rPois:     It protects you from poison Regen+: It increases your rate of
   health regeneration.
 E - a +4 barding of cold resistance (worn)
 R - the +1 pearl dragon scales "Wecynlim" (worn) {rElec rN+ Int+2}
   (You bought it in a shop on level 2 of the Lair of Beasts)

   Int+2:     It affects your intelligence (+2).
   rElec:     It insulates you from electricity.
   rN+:       It protects you from negative energy.
 T - the +0 helmet of the Equator (worn) {Regen+ Str-4 Int+2}
   (You bought it in a shop on level 2 of the Orcish Mines)

   Str-4:     It affects your strength (-4).
   Int+2:     It affects your intelligence (+2).
   Regen+:    It increases your rate of health regeneration.
Jewellery
 a - the ring "Newesir" {Fly Will+ Str-5 Int+5 SInv}
   (You acquired it on level 3 of the Spider Nest)

   [ring of willpower]

   Str-5:     It affects your strength (-5).
   Int+5:     It affects your intelligence (+5).
   Will+:     It increases your willpower.
   SInv:      It lets you see invisible.
   Fly:       It grants you flight.
 f - the amulet "Jomasmoc" (around neck) {Will++ Regen+ Str-2}
   (You found it on level 3 of the Crypt)

   [amulet of regeneration]

   Str-2:     It affects your strength (-2).
   Will++:    It greatly increases your willpower.
   Regen+:    It increases your rate of health regeneration.
 j - the ring of Deojamaw (left hand) {rN+ Str+2 Dex+2 Slay+5}
   (You found it on level 3 of the Crypt)

   [ring of positive energy]

   Str+2:     It affects your strength (+2).
   Dex+2:     It affects your dexterity (+2).
   Slay+5:    It affects your accuracy & damage with ranged weapons and melee
   (+5).
   rN+:       It protects you from negative energy.
 y - the ring "Puamp" {rC- rN+++ Str+3 Dex+4 SInv}
   (You found it on level 5 of the Vaults)

   [ring of see invisible]

   Str+3:     It affects your strength (+3).
   Dex+4:     It affects your dexterity (+4).
   rC-:       It makes you vulnerable to cold.
   rN+++:     It renders you almost immune to negative energy.
   SInv:      It lets you see invisible.
 B - the ring of Byelets (right hand) {rN+ Str+3 Dex+6}
   (You took it off a deep elf demonologist on level 3 of the Elven Halls)

   [ring of dexterity]

   Str+3:     It affects your strength (+3).
   Dex+6:     It affects your dexterity (+6).
   rN+:       It protects you from negative energy.
 M - an amulet of reflection
 Y - a ring of protection from cold
Wands
 g - a wand of polymorph (23)
 k - a wand of iceblast (46)
 r - a wand of digging (3)
 t - a wand of flame (49) (quivered)
 C - a wand of quicksilver (8)
 S - a wand of mindburst (19)
 V - a wand of charming (19)
Scrolls
 c - 12 scrolls of teleportation
 h - 6 scrolls of revelation
 i - 6 scrolls of fog
 l - 7 scrolls of enchant weapon
 m - a scroll of butterflies
 q - 31 scrolls of identify
 w - 7 scrolls of blinking
 x - 2 scrolls of brand weapon
 G - 2 scrolls of enchant armour
 O - 4 scrolls of silence
 P - 11 scrolls of fear
 Z - 4 scrolls of poison
Potions
 d - 6 potions of berserk rage
 e - 5 potions of cancellation
 n - 8 potions of mutation
 s - a potion of invisibility
 A - 9 potions of enlightenment
 F - 3 potions of brilliance
 H - 6 potions of haste
 I - 3 potions of ambrosia
 K - 3 potions of lignification
 Q - 3 potions of resistance
 U - 6 potions of might
 W - 8 potions of heal wounds
 X - 21 potions of curing
Miscellaneous
 o - a phial of floods
 z - a phantom mirror
 L - a sack of spiders
 N - a lightning rod (4/4)


   Skills:
 + Level 25.6 Fighting
 + Level 25.4 Maces & Flails
 - Level 0.7 Throwing
 + Level 25.6 Armour
 - Level 3.2 Dodging
 - Level 2.6 Stealth
 + Level 10.9 Shields
 + Level 8.7 Evocations


You had 24 spell levels left.
You didn't know any spells.
Your spell library contained the following spells:

 Spells                   Type           Power      Damage    Failure   Level
 Apportation              Tloc           0%         N/A       45%         1
 Foxfire                  Conj/Fire      0%         2x1d4     45%         1
 Freeze                   Ice            0%         1d3       45%         1
 Kiss of Death            Conj/Necr      0%         2d5       45%         1
 Necrotise                Necr           0%         1d4       45%         1
 Sandblast                Erth           0%         2d4       45%         1
 Slow                     Hex            0%         N/A       45%         1
 Sting                    Tmut/Pois      0%         1d3       45%         1
 Summon Small Mammal      Summ           0%         N/A       45%         1
 Blink                    Tloc           0%         N/A       61%         2
 Cigotuvi's Dreadful Rot  Necr/Pois/Air  0%         N/A       61%         2
 Ensorcelled Hibernation  Hex/Ice        0%         N/A       61%         2
 Lesser Beckoning         Tloc           0%         N/A       61%         2
 Momentum Strike          Conj/Tloc      0%         3d8       61%         2
 Passwall                 Tmut/Erth      0%         N/A       61%         2
 Poisonous Vapours        Pois/Air       0%         N/A       61%         2
 Static Discharge         Conj/Air       0%         2-2/arc   61%         2
 Sublimation of Blood     Necr           0%         N/A       61%         2
 Wereblood                Tmut           0%         N/A       61%         2
 Call Canine Familiar     Summ           0%         N/A       83%         3
 Confusing Touch          Hex            0%         N/A       83%         3
 Dazzling Flash           Conj/Hex       0%         N/A       83%         3
 Frozen Ramparts          Ice            0%         1d1       83%         3
 Gell's Gravitas          Tloc           0%         N/A       83%         3
 Hailstorm                Conj/Ice       0%         3d3       83%         3
 Ignite Poison            Fire/Tmut/Pois 0%         N/A       83%         3
 Inner Flame              Hex/Fire       0%         N/A       83%         3
 Ozocubu's Armour         Ice            0%         N/A       83%         3
 Portal Projectile        Hex/Tloc       0%         N/A       83%         3
 Stone Arrow              Conj/Erth      0%         3d7       83%         3
 Summon Guardian Golem    Hex/Summ       0%         N/A       83%         3
 Teleport Other           Tloc           0%         N/A       83%         3
 Vampiric Draining        Necr           0%         2d6       83%         3
 Vhi's Electric Charge    Tloc/Air       0%         N/A       83%         3
 Volatile Blastmotes      Fire/Tloc      0%         2d10      83%         3
 Airstrike                Air            0%         2d(0-16)  99%         4
 Anguish                  Hex/Necr       0%         N/A       99%         4
 Animate Armour           Summ/Erth      0%         N/A       99%         4
 Cause Fear               Hex            0%         N/A       99%         4
 Fulminant Prism          Conj/Hex       0%         3d5       99%         4
 Leda's Liquefaction      Hex/Erth       0%         N/A       99%         4
 Olgreb's Toxic Radiance  Pois           0%         N/A       99%         4
 Passage of Golubria      Tloc           0%         N/A       99%         4
 Petrify                  Tmut/Erth      0%         N/A       99%         4
 Sticky Flame             Conj/Fire      0%         2d3       99%         4
 Summon Ice Beast         Ice/Summ       0%         N/A       99%         4
 Summon Lightning Spire   Summ/Air       0%         N/A       99%         4
 Agony                    Necr           0%         N/A       100%        5
 Alistair's Intoxication  Tmut/Pois      0%         N/A       100%        5
 Arcjolt                  Conj/Air       0%         1d10      100%        5
 Borgnjor's Vile Clutch   Necr/Erth      0%         N/A       100%        5
 Freezing Cloud           Conj/Ice/Air   0%         6-21      100%        5
 Irradiate                Conj/Tmut      0%         3d11      100%        5
 Lee's Rapid Deconstruct  Erth           0%         3d4*      100%        5
 Metabolic Englaciation   Hex/Ice        0%         N/A       100%        5
 Silence                  Hex/Air        0%         N/A       100%        5
 Summon Forest            Summ/Tloc      0%         N/A       100%        5
 Summon Mana Viper        Hex/Summ       0%         N/A       100%        5
 Yara's Violent Unravell  Hex/Tmut       0%         3d3       100%        5
 Death Channel            Necr           0%         N/A       100%        6
 Eringya's Noxious Bog    Tmut/Pois      0%         4d6       100%        6
 Leda's Unmaking          Conj/Erth      0%         9d1       100%        6
 Plasma Beam              Fire/Air       0%         2x1d10    100%        6
 Starburst                Conj/Fire      0%         6d3       100%        6
 Enfeeble                 Hex            0%         N/A       100%        7
 Haunt                    Necr/Summ      0%         N/A       100%        7
 Malign Gateway           Summ/Tloc      0%         N/A       100%        7
 Monstrous Menagerie      Summ           0%         N/A       100%        7
 Orb of Destruction       Conj           0%         9d5       100%        7
 Ozocubu's Refrigeration  Ice            0%         4d7       100%        7
 Spellforged Servitor     Conj/Summ      0%         N/A       100%        7
 Summon Hydra             Summ           0%         N/A       100%        7
 Borgnjor's Revivificati  Necr           0%         N/A       100%        8
 Ignition                 Fire           0%         3d3       100%        8
 Lehudib's Crystal Spear  Conj/Erth      0%         10d2      100%        8
 Maxwell's Capacitive Co  Air            0%         ∞         100%        8
 Summon Horrible Things   Summ           0%         N/A       100%        8
 Death's Door             Necr           0%         N/A       100%        9
 Fire Storm               Conj/Fire      0%         5d1       100%        9
 Polar Vortex             Ice            0%         N/A       100%        9
 Animate Dead             Necr           Unusable   N/A       N/A         4
 Simulacrum               Ice/Necr       Unusable   N/A       N/A         6

Dungeon Overview and Level Annotations

Branches:
Dungeon (15/15)            Temple (1/1) D:4            Lair (5/5) D:8
  Swamp (4/4) Lair:2       Spider (4/4) Lair:2        Slime (0/5) Lair:5
    Orc (2/2) D:12            Elf (3/3) Orc:2        Vaults (5/5) D:14
  Crypt (3/3) Vaults:2       Tomb (0/3) Crypt:3      Depths (4/4) D:15
    Zot (2/5) Depths:4      IceCv (visited)

Altars:
Ashenzari
Cheibriados
Dithmenos
Elyvilon
Fedhas
Gozag
Hepliaklqana
Kikubaaqudgha
Makhleb
Nemelex Xobeh
Okawaru
Qazlal
Ru
Sif Muna
Trog
Uskayaw
Vehumet
Wu Jian
Xom
Yredelemnul
Zin
The Shining One
Ignis
Jiyva
Lugonu

Shops:
D:4 *   D:9 (   Orc:2 ([[(   Elf:2 =:=*   Lair:2 [([   Spider:2 [![
Vaults:2 (*(   Vaults:4 =[(=   Depths:1 (*!   Depths:2 [*((

Portals:
Hell: Depths:1 Depths:2 Depths:3 Depths:4
Abyss: Depths:2 Depths:3
Pandemonium: Depths:2
Ziggurat: Depths:4
Trove: D:15 (show slimy rune of Zot)

Annotations:
D:7 Jeremiah
Lair:5 1 runed translucent door, experimilk's ghost, journeyman TrGl
Spider:4 3 runed translucent doors, Pesouf's ghost, adept MfHs
Zot:2 4 transporters


Innate Abilities, Weirdness & Mutations

You are completely covered in rugged brown scales. (AC +3, +7% HP)
Armour fits poorly on your strangely shaped body.
You have a long armoured tail.
You roll when moving toward enemies. (Rampage)
Your long tongue fully drains potion bottles. (2x potion effects)
Your tongue gives you trouble enunciating. (1.5x scroll delay)
You have large cloven feet.
You are very agile. (Dex +8, Str/Int -2)
You are dopey. (Int -2)
Your spells are a little easier to cast, but a little less powerful.


Message History

The yellow draconian seems to slow down.
You freeze the yellow draconian. Your kick misses the yellow draconian.
The yellow draconian is severely wounded.
Unknown command.
You puncture the yellow draconian! You freeze the yellow draconian!
You kick the yellow draconian.
The yellow draconian is almost dead.
The yellow draconian hits you but does no damage.
The yellow draconian annihilator gestures at you while chanting.
The crystal spear hits you!!
The yellow draconian is distracted by your dazzling golden aura.
You block the yellow draconian's attack.
The yellow draconian hits you but does no damage.
The yellow draconian roars!
You hear a roar!
You bludgeon the yellow draconian!!
The yellow draconian seems to slow down.
You freeze the yellow draconian.
You kill the yellow draconian!
You block the yellow draconian's attack.
The yellow draconian annihilator hits you with a +0 rapier.
Unknown command.
You bludgeon the yellow draconian!!
The yellow draconian seems to slow down.
You freeze the yellow draconian.
You kick the yellow draconian, but do no damage.
Your tail-slap misses the yellow draconian.
The yellow draconian is moderately wounded.
The yellow draconian hits you but does no damage.
The yellow draconian annihilator casts a spell at you.
The crystal spear hits you!!!
* * * LOW HITPOINT WARNING * * *
The yellow draconian spits acid at you. The glob of acid hits you!
* * * LOW HITPOINT WARNING * * *
The acid corrodes you! The yellow draconian barely misses you.
The yellow draconian annihilator points at you and mumbles some strange words.
The crystal spear hits you!!!
You die...
Your body crumbles into a pile of gold.

######. .... .......
...# .^.......... ...#
............ #..#
#######....# #.d# #. #
#....## ##d.# #.. #
#.....# ##dq# #...
#.....###d.# #...#
########....##.$@# #...#
...............$$##
#...#
........(.........##$..#
)................$#.$.#
..).)................##
....................##
...................##
..................##
.................##


You could see 4 draconians and a yellow draconian annihilator.

Vanquished Creatures
  6 dread liches
  An orb of fire (Zot:2)
  Mara (Spider:3)
  An ancient lich (Crypt:3)
  3 juggernauts
  Josephina (Crypt:1)
  Vv (Crypt:1)
  A curse toe (Zot:1)
  Saint Roka (Depths:2)
  Nikola (Swamp:4)
  The ghost of Yhaurph the Hoplite, an adept MiFi of Okawaru (Vaults:3)
  9 golden dragons
  3 bone dragons
  Arachne (Spider:2)
  12 tentacled monstrosities
  7 liches
  Jorgrun (Elf:2)
  5 quicksilver dragons
  6 titans (Vaults:5)
  2 deep elf master archers (Elf:3)
  2 deep elf blademasters
  An ancient champion (Crypt:2)
  7 thorn hunters
  7 sphinxes
  10 shadow dragons
  10 death cobs
  A storm dragon (Depths:3)
  Aizul (Crypt:1)
  6 tengu reavers
  A draconian monk (Zot:1)
  A fenstrider witch (Swamp:4)
  A revenant (Crypt:2)
  3 draconian knights
  6 iron dragons
  2 draconian scorchers
  Louise (Swamp:2)
  17 vault wardens
  8 deep elf sorcerers
  A balrug (Abyss:2)
  11 emperor scorpions
  5 deep elf elementalists
  4 ghost moths
  9 frost giants
  8 fire giants
  A curse skull (Crypt:3)
  A juggernaut zombie (Crypt:2)
  2 draconian stormcallers
  2 orc warlords
  4 ghouls (Crypt:1)
  5 spriggan defenders
  3 broodmothers (Spider:4)
  27 stone giants
  A caustic shrike skeleton (Crypt:3)
  2 formless jellyfish
  4 draconian shifters
  18 ironbound preservers
  3 war gargoyles (Crypt:3)
  23 very ugly things
  4 draconian annihilators
  4 white draconians
  9 dire elephants
  6 eleionomae
  2 bunyips (Swamp:2)
  7 black draconians
  5 vampire knights
  A lorocyproca (Depths:2)
  4 red draconians (Zot:1)
  4 green draconians
  4 ironbound thunderhulks
  13 yellow draconians
  4 deep elf demonologists
  7 deep elf annihilators
  A purple draconian (Zot:1)
  10 spark wasps
  3 eidola
  An acid blob zombie (Crypt:1)
  12 ettins
  A green death (Abyss:2)
  8 fire dragons
  Fannar (Lair:2)
  12 deep elf death magi
  11 yaktaur captains
  10 deep elf high priests
  2 jiangshi (Crypt:3)
  A shambling mangrove (Swamp:3)
  4 great orbs of eyes
  The ghost of Raruif the Markskobold, a journeyman KoHu of Okawaru (Orc:1)
  3 ice dragons
  14 entropy weavers
  Harold (D:11)
  2 caustic shrike simulacra (IceCv)
  An ogre mage (Vaults:5)
  5 rakshasas
  A spriggan zombie (Crypt:1)
  27 vault guards
  6 ironbound frosthearts
  17 hydras
  A jorogumo (Spider:4)
  A spriggan skeleton (Crypt:3)
  3 boulder beetles
  4 spriggan air magi
  5 centaur warriors
  A ghost crab (Swamp:1)
  The ghost of cforsyth the Prestidigitator, a journeyman GnAr of Hepliaklqana (D:11)
  2 radroaches
  2 catoblepae
  2 death knights (Crypt:1)
  A satyr (shapeshifter) (Vaults:5)
  2 two-headed ogres
  11 deep troll shamans
  6 death yaks
  20 dancing weapons
  15 demonic crawlers
  9 vampire magi
  7 alligators
  4 thrashing horrors (Abyss:2)
  5 deep troll earth magi
  8 tengu warriors
  A titan zombie (Crypt:3)
  5 soul eaters
  15 hell knights
  22 spriggans
  9 deep elf knights
  32 skeletal warriors
  A fire crab (Swamp:4)
  10 spriggan berserkers
  3 spectral death yaks (Lair:5)
  A spectral anaconda (Lair:5)
  A wretched star (Abyss:2)
  3 iron trolls
  A skyshark (Lair:5)
  A deep troll (shapeshifter) (D:11)
  36 deep trolls
  A titan skeleton (Crypt:3)
  Lodul (D:11)
  7 pharaoh ants
  An iron giant zombie (Crypt:2)
  An anaconda zombie (Abyss:2)
  11 swamp dragons
  4 goliath frogs
  2 flayed ghosts
  An obsidian statue (Lair:5)
  3 sun moths
  3 spriggan druids
  3 bog bodies
  6 glowing orange brains
  8 orb spiders
  6 deep elf archers
  2 orange crystal statues (IceCv)
  12 steelbarb worms
  An anaconda skeleton (Crypt:2)
  13 ironbound convokers
  11 lindwurms
  A bunyip skeleton (Crypt:2)
  4 orc knights
  9 necromancers
  12 wizards
  12 phantasmal warriors
  2 starcursed masses (Abyss:2)
  17 deep elf pyromancers
  A tengu skeleton (Crypt:3)
  2 stone giant zombies
  24 deep elf zephyrmancers
  5 harpies (Vaults:3)
  3 orc sorcerers
  An oklob plant (Swamp:3)
  A fire giant zombie (Vaults:2)
  3 cyclopes
  A will-o-the-wisp (Swamp:2)
  A shadow dragon skeleton (Crypt:2)
  A manticore (shapeshifter) (D:14)
  A worldbinder (Abyss:2)
  24 wolf spiders
  13 elephants
  2 centaur zombies (Crypt:3)
  4 manticores
  29 ugly things
  3 smoke demons
  A stone giant skeleton (Vaults:2)
  9 moths of wrath
  2 guardian serpents (Depths:2)
  A fire giant skeleton (Depths:1)
  19 vault sentinels
  8 black mambas
  A black mamba (shapeshifter) (Vaults:5)
  2 naga skeletons (Crypt:3)
  An elephant (shapeshifter) (D:14)
  2 dire elephant zombies
  Maurice (D:11)
  A centaur skeleton (Crypt:3)
  Joseph (Lair:1)
  5 gargoyles
  12 cane toads
  A storm dragon simulacrum (Crypt:2)
  5 torpor snails
  An unseen horror (D:11)
  A bunyip simulacrum (Crypt:1)
  23 yaktaurs
  2 kobold demonologists
  6 komodo dragons
  A dire elephant skeleton (Crypt:1)
  An ice devil (Depths:2)
  6 rime drakes
  A purple draconian skeleton (Crypt:2)
  2 efreet (D:15)
  2 tengu conjurers
  8 freezing wraiths
  7 red devils (Crypt:3)
  An anaconda simulacrum (IceCv)
  5 trolls
  An iron troll zombie (Crypt:2)
  7 meliai
  A golden dragon simulacrum (IceCv)
  A queen bee (shapeshifter) (Vaults:5)
  A human skeleton (Vaults:2)
  2 tarantellas (shapeshifter) (D:14)
  24 hornets
  A tyrant leech (shapeshifter) (Vaults:5)
  2 spectral elephants (Lair:5)
  2 polar bears
  23 tarantellas
  A blink frog (shapeshifter) (D:14)
  Prince Ribbit (D:7)
  An ettin zombie (Crypt:3)
  12 tyrant leeches
  4 raiju (Abyss:2)
  10 dream sheep
  4 blink frogs (Lair:3)
  51 slime creatures
  38 jumping spiders
  A centaur simulacrum (D:13)
  16 culicivoras
  A black mamba zombie (Crypt:3)
  A fire dragon skeleton (Crypt:2)
  3 water elementals
  6 wraiths
  2 ettin skeletons
  A naga simulacrum (Crypt:1)
  9 vampires
  2 dire elephant simulacra
  A spriggan (shapeshifter) (Vaults:5)
  5 shadows (Crypt:3)
  4 ynoxinuls
  8 flying skulls (Crypt:1)
  6 wyverns
  19 yaks
  5 basilisks
  A fire elemental (Elf:1)
  3 steam dragons
  A hog (D:15)
  50 redbacks
  5 vampire mosquitoes (D:14)
  A tyrant leech zombie (Crypt:2)
  4 chaos spawn (Abyss:2)
  3 neqoxecs (Abyss:2)
  11 wargs
  A deep troll zombie (Crypt:3)
  5 harpy simulacra
  15 swamp worms
  A spectral cane toad (Lair:5)
  4 small abominations (Abyss:2)
  3 hydra simulacra (IceCv)
  An entropy weaver zombie (Crypt:2)
  A fire bat skeleton (Crypt:1)
  A floating eye (Depths:3)
  23 water moccasins
  A glowing shapeshifter skeleton (Depths:1)
  A two-headed ogre skeleton (Crypt:2)
  8 swamp drakes
  An alligator simulacrum (IceCv)
  6 ice beasts
  35 orc warriors
  An ice beast (shapeshifter) (Abyss:2)
  5 black bears
  12 ogres
  4 ettin simulacra (IceCv)
  15 wolves
  2 elephant zombies (Lair:5)
  12 centaurs
  A manticore zombie (Crypt:1)
  A boggart (Elf:1)
  An elephant skeleton (Lair:5)
  3 phantoms
  A blink frog skeleton (Crypt:2)
  2 kobold brigands
  11 bullfrogs
  2 gnoll sergeants
  3 scorpions
  2 cane toad simulacra (Lair:5)
  3 earth elementals
  A wyvern skeleton (Crypt:1)
  A lindwurm simulacrum (IceCv)
  A swamp dragon simulacrum (Crypt:1)
  13 killer bees
  An oklob sapling (Swamp:3)
  9 electric eels
  5 howler monkeys
  3 hounds
  25 orc priests
  6 jellies
  An iron imp (Abyss:2)
  2 sleepcaps (D:7)
  5 iguanas
  Natasha (D:2)
  A spectral orc (Orc:1)
  19 orc wizards
  A troll simulacrum (Orc:1)
  12 gnolls
  10 adders
  2 ogre simulacra (Orc:1)
  A shadow imp (D:5)
  4 white imps
  4 ufetubi
  3 orc simulacra (Orc:1)
  An adder zombie (Crypt:1)
  5 worms
  4 dart slugs
  80 orcs
  6 endoplasms
  4 giant cockroaches
  8 hobgoblins
  8 jackals
  5 quokkas
  5 ball pythons
  4 bats
  A gnoll skeleton (Crypt:1)
  6 goblins
  13 kobolds
  4 rats
  A river rat zombie (Crypt:2)
  A butterfly (Lair:1)
2006 creatures vanquished.

Vanquished Creatures (collateral kills)
  Kirke (D:15)
  A tengu warrior (D:15)
  A swamp dragon (Swamp:4)
  A yaktaur (Vaults:2)
  A guardian mummy (D:15)
  A swamp drake (Swamp:4)
  A bullfrog (Lair:1)
7 creatures vanquished.

Vanquished Creatures (others)
  A quicksilver dragon (Zot:2)
  A fenstrider witch (Swamp:4)
  A shambling mangrove (Swamp:3)
  A deep elf knight (Elf:3)
  3 bloated husks
  2 humans (D:15)
  A warg (Depths:2)
  A swamp worm (Swamp:4)
  4 swamp drakes (Swamp:4)
  A wolf (Lair:5)
  An orc wizard (D:5)
  4 foxfires (Swamp:2)
21 creatures vanquished.

Grand Total: 2034 creatures vanquished

Notes
Turn   | Place    | Note
-------+----------+-------------------------------------------
     0 | D:1      | olmar the Armataur Fighter began the quest for the Orb.
     0 | D:1      | Reached XP level 1. HP: 19/19 MP: 1/1
    77 | D:1      | Reached XP level 2. HP: 11/27 MP: 2/2
   160 | D:1      | Found a faded altar of an unknown god.
   170 | D:1      | Prayed at the altar of an unknown god.
   170 | D:1      | Became a worshipper of Kikubaaqudgha
   170 | D:1      | Reached * piety under Kikubaaqudgha
   170 | D:1      | Received a gift from Kikubaaqudgha
   171 | D:1      | Fell from the grace of Kikubaaqudgha
   897 | D:2      | Reached XP level 3. HP: 33/33 MP: 3/3
  1261 | D:2      | Reached XP level 4. HP: 40/40 MP: 4/4
  1313 | D:2      | Noticed Natasha
  1324 | D:2      | Killed Natasha
  1399 | D:2      | You fall into a shaft and drop 1 floor!
  2260 | D:3      | Reached XP level 5. HP: 48/48 MP: 5/5
  2467 | D:4      | Found Ea-nāṣir's Fine Metal Goods.
  2627 | D:4      | Found a staircase to the Ecumenical Temple.
  2896 | D:4      | Noticed a phantom
  2902 | D:4      | Killed a phantom
  2903 | D:4      | Reached skill level 5 in Armour
  2903 | D:4      | Reached XP level 6. HP: 42/54 MP: 6/6
  3289 | D:4      | Reached skill level 1 in Dodging
  3304 | Temple   | Entered the Ecumenical Temple
  3340 | Temple   | Became a worshipper of Gozag Ym Sagoz the Greedy
  3603 | D:4      | Was forgiven by Kikubaaqudgha
  3900 | D:5      | Entered Level 5 of the Dungeon
  4114 | D:5      | Noticed a sky beast
  4141 | D:5      | Reached XP level 7. HP: 55/60 MP: 7/7
  4245 | D:5      | Reached skill level 1 in Stealth
  4812 | D:6      | Reached skill level 5 in Maces & Flails
  4877 | D:6      | Noticed a steam dragon
  4895 | D:6      | Killed a steam dragon
  5317 | D:6      | Reached XP level 8. HP: 51/70 MP: 8/8
  6154 | D:7      | Noticed Prince Ribbit
  6189 | D:7      | Killed Prince Ribbit
  6336 | D:7      | Noticed Jeremiah
  6348 | D:7      | Reached skill level 5 in Shields
  6462 | D:7      | Found a flagged portal.
  6754 | D:7      | Reached skill level 5 in Fighting
  6754 | D:7      | Reached XP level 9. HP: 77/79 MP: 9/9
  6854 | D:7      | Identified the +4 plate armour of Lust {rF+ rN+ Str+4}
  7342 | D:8      | Reached skill level 1 in Evocations
  8299 | D:8      | Reached XP level 10. HP: 52/88 MP: 10/10
  8603 | D:8      | Found a staircase to the Lair.
  8971 | Lair:1   | Entered Level 1 of the Lair of Beasts
  9302 | Lair:1   | Noticed a cane toad
  9319 | Lair:1   | Killed a cane toad
  9453 | Lair:1   | Noticed Joseph
  9471 | Lair:1   | Killed Joseph
  9584 | Lair:1   | Noticed an elephant
  9584 | Lair:1   | Noticed an elephant
  9584 | Lair:1   | Noticed an elephant
  9585 | Lair:1   | Noticed an elephant
  9613 | Lair:1   | Killed an elephant
  9623 | Lair:1   | Killed an elephant
  9628 | Lair:1   | Killed an elephant
  9629 | Lair:1   | Reached skill level 10 in Armour
  9904 | Lair:1   | Killed an elephant
  9905 | Lair:1   | Reached skill level 5 in Evocations
 10169 | Lair:1   | Noticed a black mamba
 10179 | Lair:1   | Killed a black mamba
 10297 | Lair:1   | Noticed a torpor snail
 10317 | Lair:1   | Reached XP level 11. HP: 93/98 MP: 9/11
 11357 | Lair:2   | Found a hole to the Spider Nest.
 12857 | D:9      | Reached skill level 10 in Maces & Flails
 13102 | D:9      | Found Ycung's Weapon Shoppe.
 13240 | D:10     | Entered Level 10 of the Dungeon
 14276 | D:11     | Noticed a skeletal warrior
 14717 | D:11     | Found a runed translucent gate.
 14717 | D:11     | Found a runed translucent gate.
 14717 | D:11     | Found a runed translucent gate.
 14721 | D:11     | Noticed cforsyth's ghost (journeyman GnAr)
 14734 | D:11     | Noticed a shock serpent
 14746 | D:11     | Noticed Harold
 14748 | D:11     | Noticed Lodul
 14789 | D:11     | Noticed Maurice
 14792 | D:11     | Killed Maurice
 14889 | D:11     | Killed Harold
 14904 | D:11     | Killed Lodul
 15201 | D:11     | Reached XP level 12. HP: 108/108 MP: 12/12
 15481 | D:11     | Noticed a boulder beetle
 15559 | D:11     | Noticed an ice dragon
 15630 | D:12     | Found a staircase to the Orcish Mines.
 15641 | D:12     | Noticed a two-headed ogre
 15650 | D:12     | Killed a two-headed ogre
 16481 | Orc:1    | Entered Level 1 of the Orcish Mines
 16720 | Orc:2    | Entered Level 2 of the Orcish Mines
 17457 | Orc:1    | Found a runed translucent gate.
 17457 | Orc:1    | Found a runed translucent gate.
 17458 | Orc:1    | Found a runed translucent gate.
 17554 | Orc:1    | Noticed Raruif's ghost (journeyman KoHu)
 18029 | Orc:2    | Found Nutason's Armour Boutique.
 18500 | Orc:2    | Noticed an orc warlord
 18534 | Orc:2    | Found a staircase to the Elven Halls.
 18550 | Orc:2    | Noticed a two-headed ogre
 18576 | Orc:2    | Killed a two-headed ogre
 18722 | Orc:2    | Killed an orc warlord
 19005 | Orc:2    | Found Ciyshil's Antique Armour Emporium.
 19007 | Orc:2    | Found Ficed's Antique Weapon Shoppe.
 19014 | Orc:2    | Bought a jewelled helmet for 294 gold pieces
 19014 | Orc:2    | Identified the +0 helmet of the Equator {Regen+ Str-4
                  | Int+2} (You bought it in a shop on level 2 of the Orcish
                  | Mines)
 19061 | Orc:2    | Found Cesi's Weapon Shoppe.
 19672 | Lair:2   | Reached XP level 13. HP: 96/118 MP: 13/13
 19701 | Lair:2   | Found a staircase to the Swamp.
 20069 | Lair:2   | Noticed Fannar
 20077 | Lair:2   | Killed Fannar
 22210 | Lair:4   | Reached skill level 10 in Fighting
 22906 | Lair:5   | Entered Level 5 of the Lair of Beasts
 22948 | Lair:5   | Found a viscous altar of Jiyva.
 23282 | Lair:5   | Reached skill level 15 in Armour
 23862 | Lair:5   | Found a staircase to the Slime Pits.
 23990 | Lair:5   | Reached XP level 14. HP: 130/130 MP: 14/14
 25199 | Lair:5   | Found a runed translucent door.
 25205 | Lair:5   | Noticed experimilk's ghost (journeyman TrGl)
 26199 | Lair:5   | Identified a scroll of acquirement
 26202 | Lair:5   | Acquired the +10 eveningstar of War {freeze, MP+9 Int+2}
 26536 | D:13     | Identified the +10 battleaxe of Evolution {freeze, Will+
                  | Str+2}
 26536 | D:13     | Noticed a frost giant
 26550 | D:13     | Killed a frost giant
 26787 | D:13     | Identified the +1 ring mail of Insatiable Hunger {Harm
                  | Will- Int+7 Stlth-}
 27189 | D:14     | Reached skill level 15 in Maces & Flails
 27301 | D:14     | Found a gate to the Vaults.
 27320 | D:14     | Noticed a white very ugly thing
 27344 | D:14     | Killed a red very ugly thing
 27357 | D:14     | Found a frozen archway.
 27400 | IceCv    | Entered an ice cave
 27419 | IceCv    | Reached XP level 15. HP: 99/143 MP: 8/15
 28316 | D:15     | Entered Level 15 of the Dungeon
 28327 | D:15     | Noticed Kirke
 28337 | D:15     | Killed Kirke
 28351 | D:15     | Noticed a fire giant
 28355 | D:15     | Found a staircase to the Depths.
 28358 | D:15     | Killed a fire giant
 28431 | D:15     | Found a portal to a secret trove of treasure.
 28456 | D:15     | Found a flickering gateway to a bazaar.
 28468 | Bazaar   | Entered a bazaar
 28472 | Bazaar   | Found Pothriod's Jewellery Boutique.
 28507 | Bazaar   | Found Asiudwont's Book Emporium.
 28528 | Bazaar   | Found Jyetacw's Antique Armour Boutique.
 28548 | Bazaar   | Found Zexotu Folov's Antique Armour Shoppe.
 28554 | Bazaar   | Bought a pair of translucent gloves for 304 gold pieces
 28554 | Bazaar   | Identified the +1 pair of gloves "Moyrou" {Int+4} (You
                  | bought it in a shop in a bazaar)
 28585 | Bazaar   | Bought pitted quicksilver dragon scales for 2080 gold
                  | pieces
 28585 | Bazaar   | Identified the quicksilver dragon scales of Yfesokh
                  | {Rampage Will+ Str+4 Dex+3} (You bought it in a shop in a
                  | bazaar)
 29043 | D:15     | Upgraded the game from 0.31-a0-542-gdc2a67831c to
                  | 0.31-a0-544-gceb718ecc6
 29141 | Elf:1    | Entered Level 1 of the Elven Halls
 29892 | Elf:1    | Noticed a deep elf sorcerer
 29904 | Elf:1    | Killed a deep elf sorcerer
 30761 | Elf:2    | Found a runed translucent gate.
 30761 | Elf:2    | Found a runed translucent gate.
 30761 | Elf:2    | Found a runed translucent gate.
 30835 | Elf:2    | Found Derchi Huub's Jewellery Boutique.
 30835 | Elf:2    | Found Heol's Book Emporium.
 30836 | Elf:2    | Found Rewoighul's Jewellery Boutique.
 31017 | Elf:2    | Found Soong's General Store.
 31020 | Elf:2    | Bought a scroll of identify for 22 gold pieces
 31020 | Elf:2    | Bought a potion of might for 44 gold pieces
 31374 | Elf:3    | Entered Level 3 of the Elven Halls
 31386 | Elf:3    | Reached XP level 16. HP: 154/154 MP: 16/16
 32155 | Elf:3    | Found a shimmering altar of Xom.
 32898 | Elf:3    | Noticed a deep elf master archer
 32913 | Elf:3    | Killed a deep elf master archer
 32930 | Elf:3    | Noticed a deep elf blademaster
 33439 | Depths:1 | Entered Level 1 of the Depths
 33777 | Swamp:1  | Entered Level 1 of the Swamp
 34306 | Swamp:2  | Noticed a tentacled monstrosity
 34319 | Swamp:1  | Killed a tentacled monstrosity
 34365 | Swamp:2  | Noticed a thorn hunter
 34366 | Swamp:2  | Identified the +7 plate armour of the Harp {rC+}
 34372 | Swamp:2  | Killed a thorn hunter
 34533 | Swamp:2  | Got Railu's Almanac of the Wyrd and the Cumulonimbus
 34703 | Swamp:2  | Noticed Louise
 34720 | Swamp:2  | Killed Louise
 34925 | Swamp:3  | Noticed a thorn hunter
 34941 | Swamp:3  | Killed a thorn hunter
 35094 | Swamp:3  | Reached skill level 15 in Fighting
 35212 | Swamp:3  | Noticed a thorn hunter
 35213 | Swamp:3  | Noticed a thorn hunter
 35213 | Swamp:3  | Noticed a thorn hunter
 35219 | Swamp:3  | Killed a thorn hunter
 35226 | Swamp:3  | Killed a thorn hunter
 35231 | Swamp:3  | Noticed a thorn hunter
 35237 | Swamp:3  | Paralysed by a hornet for 1 turns
 35384 | Swamp:3  | Noticed a tentacled monstrosity
 35396 | Swamp:3  | Killed a tentacled monstrosity
 35397 | Swamp:3  | Reached XP level 17. HP: 127/166 MP: 17/17
 35664 | Swamp:3  | Paralysed by a hornet for 1 turns
 36192 | Swamp:4  | Entered Level 4 of the Swamp
 36211 | Swamp:4  | Paralysed by a fenstrider witch for 3 turns
 36212 | Swamp:4  | Noticed Nikola
 36239 | Swamp:4  | Killed Nikola
 36530 | Swamp:4  | Got a decaying rune of Zot
 38221 | Elf:2    | Noticed a deep elf blademaster
 38243 | Elf:2    | Killed a deep elf blademaster
 38317 | Elf:2    | Noticed Jorgrun
 38387 | Elf:2    | Killed Jorgrun
 39209 | Elf:3    | Killed a deep elf blademaster
 39266 | Elf:3    | Identified the ring of Byelets {rN+ Str+3 Dex+6}
 39355 | Elf:3    | Identified the +7 plate armour "Ehonon" {-Tele rPois Dex+3}
 39477 | Elf:3    | Reached XP level 18. HP: 129/179 MP: 18/18
 39752 | Elf:3    | Identified the +4 mace of Stickiness {heavy, rCorr Int+7}
 39752 | Elf:3    | Identified the +4 chain mail of Calculation {Rampage rF+}
 39897 | Elf:3    | Got Ugiav's Tractate on Percussion
 39951 | Elf:3    | Identified the +2 cloak of the Big Bang {rPois Regen+
                  | Int+4}
 39973 | Elf:3    | Got the Book of Hot Locality
 39989 | Elf:3    | Got the Grimoire of the Blink Frog
 39991 | Elf:3    | Identified the +11 scale mail "Labiti" {Will+ Str+4}
 40281 | Vaults:1 | Entered Level 1 of the Vaults
 40421 | Vaults:1 | You fall into a shaft and drop 1 floor!
 40465 | Vaults:2 | Identified the +1 cloak of Weightlessness {Dex+5}
 40725 | Vaults:1 | Identified the +3 hand axe of Oily Judgement {pain, Int+3}
 40748 | Abyss:2  | Cast into level 2 of the Abyss (a wizard)
 41082 | Abyss:2  | Noticed a bone dragon
 41095 | Abyss:2  | Noticed a bone dragon
 41102 | Abyss:2  | Killed a bone dragon
 41120 | Abyss:2  | Killed a bone dragon
 41397 | Abyss:2  | Noticed a bone dragon
 41401 | Vaults:1 | Escaped the Abyss
 42652 | Vaults:2 | Found Ymopsid's Weapon Shop.
 43024 | Vaults:2 | Found a staircase to the Crypt.
 43181 | Vaults:2 | Reached XP level 19. HP: 185/191 MP: 19/19
 43492 | Vaults:2 | Found Numnuc's Weapon Shoppe.
 43753 | Vaults:2 | Found Riadorch's Assorted Antiques.
 43771 | Vaults:2 | Bought a scroll of teleportation for 57 gold pieces
 43771 | Vaults:2 | Bought a scroll of revelation for 142 gold pieces
 44444 | Vaults:3 | Noticed Yhaurph's ghost (adept MiFi)
 44445 | Vaults:3 | Found a runed translucent gate.
 44446 | Vaults:3 | Found a runed translucent gate.
 44447 | Vaults:3 | Found a runed translucent gate.
 44895 | Vaults:3 | Identified the amulet "Dimeonati" {Faith Int+8 Stlth-}
 45681 | Vaults:4 | Found a runed translucent door.
 46538 | Vaults:5 | Entered Level 5 of the Vaults
 46594 | Vaults:4 | Reached XP level 20. HP: 167/204 MP: 20/20
 47269 | Vaults:5 | Noticed a golden dragon
 47302 | Vaults:5 | Noticed a dread lich
 47313 | Vaults:5 | Killed a dread lich
 47315 | Vaults:5 | Killed a golden dragon
 47316 | Vaults:5 | Noticed a dread lich
 47331 | Vaults:5 | Killed a dread lich
 47331 | Vaults:5 | Noticed a dread lich
 47341 | Vaults:5 | Noticed a golden dragon
 47593 | Vaults:5 | Paralysed by a dread lich for 4 turns
 47603 | Vaults:5 | Paralysed by something for 3 turns
 47614 | Vaults:5 | Killed a dread lich
 47943 | Vaults:5 | Got a silver rune of Zot
 47953 | Vaults:5 | Identified the +0 orcbow of Impeachment {flame, *Corrode
                  | rN+ Str-3 Int+8}
 47969 | Vaults:5 | Identified the +5 ring mail of the Stag {Str+4}
 48026 | Vaults:5 | Gained mutation: You are weak. (Str -2) [mutagenic glow]
 48045 | Vaults:5 | Gained mutation: You occasionally shout uncontrollably at
                  | your foes. [mutagenic glow]
 48074 | Vaults:5 | Gained mutation: You are vulnerable to heat. (rF-)
                  | [mutagenic glow]
 48105 | Vaults:5 | Noticed a golden dragon
 48106 | Vaults:5 | Identified the +8 short sword "Nismikh" {speed, rN+}
 48120 | Vaults:5 | Killed a golden dragon
 48211 | Vaults:5 | Identified the ring "Puamp" {rC- rN+++ Str+3 Dex+4 SInv}
 48301 | Vaults:5 | Identified the +1 morningstar "Vesauziz" {protect, rF+ MP+9
                  | Int+5 Dex-5}
 48316 | Vaults:5 | Reached XP level 21. HP: 86/216 MP: 8/21
 48339 | Vaults:5 | Killed a golden dragon
 48379 | Vaults:5 | Identified the +0 chain mail "Vuiq" {rC+ Str+6}
 48561 | Vaults:5 | Identified the +5 scale mail of Ikeiwker {Rampage rElec
                  | Int+3 Stlth+}
 48948 | Vaults:5 | Identified the +2 dagger "Haphuol" {freeze, Stlth+}
 48949 | Vaults:5 | Identified the +1 pair of gloves of Dokaz {rF+ rC+ Str+2}
 49768 | Depths:1 | Found a hide-covered altar of Uskayaw.
 50056 | Depths:1 | Found Hioc's Antique Weapon Emporium.
 50071 | Depths:1 | Found Zoqaecya's General Store.
 50073 | Depths:1 | Found Bipsogum's Distillery.
 50089 | Depths:1 | Bought a potion of heal wounds for 85 gold pieces
 50089 | Depths:1 | Bought the +2 shield of Resistance {rF++ rC++ Will++} for
                  | 1198 gold pieces
 50089 | Depths:1 | Found the +2 shield of Resistance {rF++ rC++ Will++}
 50107 | Depths:1 | Bought a potion of curing for 39 gold pieces
 50107 | Depths:1 | Bought a potion of curing for 39 gold pieces
 50474 | Depths:1 | Found a gateway to Hell.
 50694 | Depths:2 | Identified the +1 leather armour "Azontoum" {Drain rF+
                  | Int+5}
 50695 | Depths:2 | Noticed Saint Roka
 50755 | Depths:2 | Killed Saint Roka
 50872 | Depths:2 | Found Gozag's Antique Weapon Shop.
 50933 | Depths:2 | Noticed a golden dragon
 50934 | Depths:2 | Found an opulent altar of Gozag.
 50937 | Depths:2 | Found Gozag's Assorted Antiques.
 50939 | Depths:2 | Found Gozag's Antique Weapon Shop.
 51000 | Depths:2 | Killed a golden dragon
 51370 | Depths:2 | Found Quek's Armour Shoppe.
 51522 | Depths:2 | Found a one-way gate to the infinite horrors of the Abyss.
 51956 | Depths:2 | Found a one-way gate leading to the halls of Pandemonium.
 52386 | Depths:3 | You fall into a shaft and drop 1 floor!
 52386 | Depths:4 | Entered Level 4 of the Depths
 52426 | Depths:4 | Reached XP level 22. HP: 175/229 MP: 15/22
 52554 | Depths:4 | Noticed a juggernaut
 52566 | Depths:4 | Killed a juggernaut
 52657 | Depths:4 | Noticed a juggernaut
 52670 | Depths:4 | Killed a juggernaut
 52945 | Depths:4 | Noticed a dread lich
 52946 | Depths:4 | Found a one-way gateway to a ziggurat.
 52973 | Depths:4 | Killed a dread lich
 53233 | Depths:4 | Noticed a golden dragon
 53243 | Depths:4 | Killed a golden dragon
 53348 | Depths:4 | Found a gate to the Realm of Zot.
 53807 | Depths:3 | Found a runed translucent door.
 53808 | Depths:3 | Found a runed translucent door.
 54127 | Depths:3 | Acquired 336 gold pieces
 54305 | Depths:3 | Found a runed translucent door.
 54481 | Depths:3 | Found a runed translucent door.
 54481 | Depths:3 | Noticed a juggernaut
 54482 | Depths:3 | Found a runed translucent door.
 54483 | Depths:3 | Found a runed translucent door.
 54638 | Depths:3 | Killed a juggernaut
 54758 | Depths:3 | Noticed a golden dragon
 54765 | Depths:3 | Killed a golden dragon
 54767 | Depths:3 | Found the +11 Singing Sword {sonic wave}
 54840 | Depths:3 | Identified the +5 dagger of the Smoking Gods {holy, rElec
                  | rC++ rCorr}
 55250 | Spider:1 | Entered Level 1 of the Spider Nest
 56098 | Spider:1 | Reached XP level 23. HP: 241/242 MP: 23/23
 56666 | Spider:2 | Noticed Arachne
 56675 | Spider:2 | Killed Arachne
 56754 | Spider:2 | Identified the +4 robe of the Sacrificial Victim {rPois}
 57335 | Spider:2 | Bought a potion of haste for 200 gold pieces
 57335 | Spider:2 | Bought a potion of curing for 60 gold pieces
 57335 | Spider:2 | Bought a potion of might for 80 gold pieces
 57335 | Spider:2 | Bought 2 potions of berserk rage for 200 gold pieces
 57335 | Spider:2 | Bought a potion of ambrosia for 160 gold pieces
 57337 | Spider:2 | Bought a pair of ichor-stained gloves for 399 gold pieces
 57337 | Spider:2 | Identified the +2 pair of gloves of the Original Sin
                  | {Int+7} (You bought it in a shop on level 2 of the Spider
                  | Nest)
 57702 | Spider:3 | Acquired the ring "Newesir" {Fly Will+ Str-5 Int+5 SInv}
 57996 | Spider:4 | Entered Level 4 of the Spider Nest
 58003 | Spider:4 | Noticed Mara
 58103 | Spider:4 | Noticed olmar's illusion
 58133 | Spider:4 | Noticed olmar's illusion
 58145 | Spider:3 | Noticed olmar's illusion
 58172 | Spider:3 | Killed Mara
 58922 | Spider:4 | Got a gossamer rune of Zot
 59127 | Spider:4 | Found a runed translucent gate.
 59127 | Spider:4 | Found a runed translucent gate.
 59127 | Spider:4 | Found a runed translucent gate.
 59128 | Spider:4 | Noticed Pesouf's ghost (adept MfHs)
 59203 | Spider:4 | Identified the +1 trident "Durobut" {freeze, rN+}
 59695 | Crypt:1  | Entered Level 1 of the Crypt
 59719 | Crypt:1  | Noticed Aizul
 59744 | Crypt:1  | Killed Aizul
 59936 | Crypt:1  | Noticed Vv
 59974 | Crypt:1  | Killed Vv
 60177 | Crypt:1  | Identified the ring "Raiddeic" {Ice rElec}
 60177 | Crypt:1  | Noticed Josephina
 60197 | Crypt:1  | Killed Josephina
 60410 | Crypt:1  | Found a basalt altar of Yredelemnul.
 61046 | Crypt:2  | Reached XP level 24. HP: 177/255 MP: 22/23
 61541 | Crypt:3  | Entered Level 3 of the Crypt
 62264 | Crypt:3  | Found a staircase to the Tomb.
 62266 | Crypt:3  | Noticed a dread lich
 62278 | Crypt:3  | Killed a dread lich
 62284 | Crypt:3  | Noticed an ancient lich
 62291 | Crypt:3  | Noticed a dread lich
 62294 | Crypt:3  | Killed an ancient lich
 62308 | Crypt:3  | Killed a dread lich
 62336 | Crypt:3  | Identified the +1 trident "Saut" {heavy, *Noise rC+ rN++
                  | rCorr}
 62698 | Crypt:3  | Identified the staff "Lapeg" {rPois rF+++ rC+ Str+6 Dex-4
                  | Ice}
 62824 | Crypt:3  | Identified the amulet "Jomasmoc" {Will++ Regen+ Str-2}
 62824 | Crypt:3  | Identified the ring of Deojamaw {rN+ Str+2 Dex+2 Slay+5}
 62824 | Crypt:3  | Identified the ring of the Final Decision {*Corrode rN+
                  | Str+5 Int-3 Dex+3}
 62825 | Crypt:3  | Identified the ring of Sloth {Wiz Str+3}
 63225 | Vaults:3 | Killed Yhaurph's ghost
 63441 | D:11     | Killed cforsyth's ghost
 63545 | Orc:1    | Killed Raruif's ghost
 63763 | Zot:1    | Entered Level 1 of the Realm of Zot
 64216 | Lair:2   | Bought the +1 pearl dragon scales "Wecynlim" {rElec rN+
                  | Int+2} for 1737 gold pieces
 64232 | Lair:2   | Lost mutation: You are vulnerable to heat. (rF-) [potion of
                  | mutation]
 64232 | Lair:2   | Lost mutation: You are weak. (Str -2) [potion of mutation]
 64232 | Lair:2   | Lost mutation: You occasionally shout uncontrollably at
                  | your foes. [potion of mutation]
 64232 | Lair:2   | Gained mutation: You are strong-willed. (Will+) [potion of
                  | mutation]
 64232 | Lair:2   | Gained mutation: You have sharp toenails. [potion of
                  | mutation]
 64232 | Lair:2   | Gained mutation: You are clumsy. (Dex -2) [potion of
                  | mutation]
 64232 | Lair:2   | Gained mutation: You do not regenerate when monsters are
                  | visible. [potion of mutation]
 64232 | Lair:2   | Lost mutation: You are clumsy. (Dex -2) [potion of
                  | mutation]
 64233 | Lair:2   | Lost mutation: You are strong-willed. (Will+) [potion of
                  | mutation]
 64233 | Lair:2   | Lost mutation: You have sharp toenails. [potion of
                  | mutation]
 64233 | Lair:2   | Lost mutation: You do not regenerate when monsters are
                  | visible. [potion of mutation]
 64233 | Lair:2   | Gained mutation: You are agile. (Dex +4, Str/Int -1)
                  | [potion of mutation]
 64233 | Lair:2   | Gained mutation: Your spells are a little easier to cast,
                  | but a little less powerful. [potion of mutation]
 64233 | Lair:2   | Gained mutation: You are very agile. (Dex +8, Str/Int -2)
                  | [potion of mutation]
 64233 | Lair:2   | Gained mutation: You are dopey. (Int -2) [potion of
                  | mutation]
 64233 | Lair:2   | Gained mutation: You have large cloven feet. [potion of
                  | mutation]
 64969 | Zot:1    | HP: 5/260 [something (17)]
 65761 | Zot:2    | Reached skill level 10 in Shields
 66139 | Zot:2    | Found a transporter.
 66165 | Zot:2    | Found a transporter.
 66256 | Zot:2    | Reached XP level 25. HP: 257/267 MP: 23/23
 66298 | Zot:2    | Found a transporter.
 66423 | Zot:2    | Found a transporter.
 66510 | Zot:2    | Noticed an orb of fire
 66524 | Zot:2    | Killed an orb of fire
 66575 | Zot:2    | Killed from afar by a yellow draconian annihilator

Illustrated notes

Levels and vault maps discovered:
D:1:      amcnicky_arrival_blooded_trapdoor, layout_basic,
          shapermc_ecumenical_altar_gd
D:2:      layout_basic, patterned_corridor, uniq_natasha
D:3:      layout_basic, corexii_corridor_pit, minivault_23, minmay_distorted
D:4:      layout_basic, minmay_temple_entry_grid,
          nicolae_ea-nasir_strikes_again, minmay_manual_mullet
D:5:      layout_loops_ring, minmay_quadrilaterals
D:6:      layout_loops_cross
D:7:      layout_rooms, enter_bailey_2, uniq_prince_ribbit1, uniq_jeremiah
D:8:      layout_rooms, due_lair_maze_entry_diamond
D:9:      layout_long_grid, serial_shops, nicolae_take_the_stairs
D:10:     layout_loops_ring
D:11:     minmay_ice_pillars, layout_cave_pools, gammafunk_ghost_split,
          uniq_lodul, uniq_harold, uniq_maurice
D:12:     layout_loops_ring, minmay_orc_entry_guard_dogs
D:13:     minmay_coctagon, layout_cave_pools, serial_column_ruins,
          column_ruins_corridor_straight, column_ruins_columns_corner,
          column_ruins_grid_1, column_ruins_grid_4
D:14:     layout_rooms, david_vaults_2, dreamdust_mushroom_princess,
          portal_ice_cave_entry_ugly_swarm
D:15:     grunt_enter_depths_giant_problem, layout_cave_pools,
          nicolae_trove_entry_path_of_doom, serial_shops, freezing_bzr,
          serial_column_ruins, column_ruins_hut, column_ruins_hut,
          column_ruins_grid_3, column_ruins_columns_straight,
          column_ruins_columns_straight, column_ruins_grid_3,
          column_ruins_corridor_corner, column_ruins_grid_1,
          nrook_pool_corridor, uniq_kirke
Temple:   hellmonk_choose_your_character
Lair:1:   layout_layer_cave, grunt_megastairs_3, serial_bayou_shore_a,
          lemuel_fruit_fields, uniq_joseph
Lair:2:   layout_roguey, minmay_swamp_entry_eels,
          hellmonk_spider_entry_not_the_bees, beast_lair_carwin_1,
          lemuel_fruit_fields, grunt_megastairs_2, serial_bayou_shore_b,
          infiniplex_staircase_pool, uniq_fannar
Lair:3:   layout_regular_city, st_stairs_9
Lair:4:   layout_regular_city
Lair:5:   due_jungle_book, layout_long_grid, nicolae_slime_entry_field_trip,
          ebering_ghost_reflecting_pool, nicolae_quartered_pool_little
Swamp:1:  layout_basic_swamp, hangedman_swamp_lotus
Swamp:2:  cheibrodos_swamp_tower_of_moss, layout_basic_swamp, serial_swamp_ruin,
          evilmike_swamp_ruin_house_4, evilmike_swamp_ruin_house_6, uniq_louise
Swamp:3:  nicolae_swamp_phyte_club, layout_falls_marsh, nicolae_swamp_oxbows,
          nicolae_swamp_spriggan_camp
Swamp:4:  swamp_fiery, layout_basic_swamp, uniq_nikola
Spider:1: layout_spider_delve, nicolae_spider_some_kinda_spiderbox
Spider:2: layout_spider_delve, guppyfry_spider_mini_2, uniq_arachne
Spider:3: layout_spider_delve
Spider:4: guppyfry_spider_rune, ebering_ghost_rock_garden, nicolae_spider_shape,
          uniq_mara
Orc:1:    layout_caves, gammafunk_ghost_necromancy
Orc:2:    grunt_orc_community_town_hall, layout_diamond_mine,
          grunt_orc_community_big_house_1, grunt_orc_community_big_house_1,
          grunt_orc_community_house_3, grunt_orc_community_house_3,
          grunt_orc_community_house_3, grunt_orc_community_house_2,
          statue_in_the_mist_lemuel
Elf:1:    minmay_elf_arrival_summoners, layout_loops_ring,
          hangedman_elf_disciples, lemuel_upstairs_altar
Elf:2:    elven_hall_of_blades_hangedman_original [mumra_blade_entry_bloodbath],
          layout_onion_city, serial_shops, nicolae_shop_real_fake_doors,
          minmay_shop_grove, uniq_jorgrun
Elf:3:    minmay_elf_hall_x, layout_geoelf_castle, basic_altar, st_stairs_7
Vaults:1: v_misc_23, vaults_room_ringed_pool, nicolae_vaults_alarming,
          vaults_room_stairs_pillars, vaults_dpeg_cross, layout_vaults_omnigrid
Vaults:2: v_rooms_6, minmay_crypt_entry_vampire_xt,
          nicolae_vaults_little_squares_2, vaults_standard_mumra_lines,
          v_misc_11, nicolae_vaults_shrinking_rooms_1, hangedman_vaults_stagger,
          st_spiral_rooms, nicolae_vaults_trapezoid_2,
          nicolae_vaults_storage_closets_1, nicolae_vaults_storage_room_glass,
          nicolae_vaults_tetromino_Z_1, hangedman_vaults_impose,
          nicolae_vaults_tetromino_L_2, vaults_room_door_ring,
          layout_vaults_omnibox, serial_shops, nicolae_shop_scrapyard,
          nicolae_shop_back_alley_shop, shop
Vaults:3: ebering_ghost_rock_garden, nicolae_vaults_murderbox,
          nicolae_vaults_ring_of_whatevers, v_rooms_2, hangedman_vaults_slither,
          grunt_vaults_trifunnel, vaults_room_pool,
          nicolae_vaults_double_plus_3, v_rooms_1,
          nicolae_vaults_doubleplus_tesselated, ontoclasm_vaults_shuriken,
          nicolae_vaults_stepped_doors, nicolae_vaults_house_2,
          nicolae_vaults_theta, layout_vaults_maze
Vaults:4: v_misc_32, nicolae_vaults_variable_pillar_hall,
          nicolae_vaults_turnstiles, v_misc_10, nicolae_vaults_oozy_zoo,
          nicolae_vaults_ring_of_whatevers, v_rooms_3, nicolae_vaults_theta,
          v_misc_12, nicolae_vaults_house_2, v_misc_10,
          nicolae_vaults_diamond_2, layout_vaults_omnicross
Vaults:5
Crypt:1:  layout_chaotic_city, basic_altar, grunt_ministairs_13,
          feat_on_display, uniq_josephina, uniq_vv, uniq_aizul
Crypt:2:  layout_chaotic_city
Crypt:3:  quadcrypt_mu
Depths:1: layout_cave_shapes, grunt_hell_entry_dis_mu, nicolae_uskayaw_suspiria,
          minmay_shop_star
Depths:2: kennysheep_gozag_temple, layout_gridville, serial_co_window_serial,
          co_window_paths_a, co_window_of_opportunity_a, co_window_cross_1,
          co_window_cross_1, co_window_of_opportunity_a, co_window_paths_c,
          co_window_broadway_a, co_window_corner_b, co_window_corner_b,
          co_window_broadway_b, co_window_corner_b, glass_columns_c,
          serial_shops, shop, abyss_entry, rand_demon_pan_entry_9,
          chequers_serial_rivers_micro_a, hell_entry,
          infiniplex_staircase_zigzag_3, uniq_saint_roka
Depths:3: minmay_the_grid_triangle_9x9_recursive_3
          [minmay_the_grid_triangle_9x9_fully_insulated_deathbox,
          minmay_the_grid_triangle_9x9_intruding_spiral,
          minmay_the_grid_triangle_9x9_empty,
          minmay_the_grid_triangle_9x9_prize_top_heavy,
          minmay_the_grid_triangle_9x9_warning,
          minmay_the_grid_triangle_9x9_skeleton,
          minmay_the_grid_triangle_9x9_sparse_checkered,
          minmay_the_grid_triangle_9x9_subtriangle,
          minmay_the_grid_triangle_9x9_tough_junction], layout_cave_pools,
          abyss_entry, hell_entry
Depths:4: evilmike_zot_entry_hall, layout_cave_shapes, enter_ziggurat_d,
          hell_entry, grunt_decor_one_mirror, kb_rosetta
Zot:1:    layout_onion_interference
Zot:2:    lemuel_acid_trip, layout_onion, nicolae_diode_intersection

Skill      XL: |  1  2  3  4  5  6  7  8  9 10 11 12 13 14 15 16 17 18 19 20 21 22 23 24 |
---------------+-------------------------------------------------------------------------+-----
Fighting       | 3 4 5 6 7 8 9 10 12 13 15 16 18 19 20 21 23 24 25 | 25.6
Maces & Flails | 2 3 4 5 6 7 9 10 12 14 15 16 17 18 19 20 21 22 23 24 25 | 25.4
Armour         | 4 5 6 8 9 10 12 13 15 16 18 19 20 21 22 23 24 25 | 25.6
Shields        | 4 5 6 7 8 10 | 10.9
Dodging        | 1 2 3 |  3.2
Stealth        | 1 2 |  2.6
Evocations     | 2 5 6 7 8 |  8.7
Throwing       | |  0.7

Action                     |  1- 3 |  4- 6 |  7- 9 | 10-12 | 13-15 | 16-18 | 19-21 | 22-24 | 25-27 || total
---------------------------+-------+-------+-------+-------+-------+-------+-------+-------+-------++-------
  Melee: Flail             |   121 |   187 |   379 |   772 |       |       |       |       |       ||  1459
         Tailslap          |    11 |    17 |    35 |   167 |   149 |   198 |   356 |   457 |    30 ||  1420
         Dire flail        |       |       |       |   125 |   458 |       |       |       |       ||   583
         Eveningstar       |       |       |       |       |   455 |  1293 |  1580 |  1951 |    87 ||  5366
         Kick              |       |       |       |       |       |       |       |   141 |    44 ||   185
  Throw: Dart              |       |       |       |     4 |    93 |     1 |     2 |       |       ||   100
         Throwing net      |       |       |       |       |     7 |     3 |       |       |       ||    10
         Javelin           |       |       |       |       |     2 |       |       |       |       ||     2
 Invoke: Renounce Religion |     1 |       |       |       |       |       |       |       |       ||     1
         Potion Petition   |       |       |     1 |     2 |     1 |       |       |       |       ||     4
         Call Merchant     |       |       |       |       |     3 |       |     4 |     3 |       ||    10
  Evoke: Wand              |       |       |    26 |    36 |     8 |     8 |     1 |     8 |       ||    87
         Phial of floods   |       |       |       |       |     1 |     1 |       |       |       ||     2
    Use: Potion            |     3 |     1 |     9 |     2 |     1 |     2 |     7 |     5 |       ||    30
         Scroll            |       |     4 |    12 |     5 |    17 |     4 |     4 |     5 |       ||    51
   Stab: Fleeing           |       |       |     1 |       |       |       |       |       |       ||     1
         Invisible         |       |       |       |     4 |       |       |       |       |       ||     4
         Distracted        |       |       |       |     4 |     5 |     8 |    16 |    35 |       ||    68
         Petrified         |       |       |       |       |     5 |       |       |       |       ||     5
         Held in net/web   |       |       |       |       |     1 |     2 |     1 |       |       ||     4
 Armour: Scale mail        |   113 |    86 |    95 |       |       |       |       |       |       ||   294
         Plate armour      |       |       |   128 |   487 |   683 |   895 |  1262 |  1271 |       ||  4726
         Skin              |       |       |    75 |       |       |       |       |       |       ||    75
         Pearl dragon scal |       |       |       |       |       |       |       |   198 |    36 ||   234
  Dodge: Dodged            |    56 |    77 |   168 |   246 |   254 |   181 |   331 |   405 |    16 ||  1734
         Repelled          |       |       |     1 |     3 |     6 |     9 |       |       |       ||    19
  Block: Buckler           |    31 |    37 |   113 |   213 |   106 |   287 |   384 |       |       ||  1171
         Kite shield       |       |       |       |       |       |       |   186 |  1151 |    45 ||  1382

Table legend: (Time is in decaauts)
 A = Elapsed time spent in this place.
 B = Non-inter-level travel time spent in this place.
 C = Inter-level travel time spent in this place.
 D = Time resting spent in this place.
 E = Time spent auto-exploring this place.
 F = Levels seen in this place.
 G = Mean time per level.
                   A        B        C        D        E       F      G
               +--------+--------+--------+--------+--------+-----+--------+
         Total |  65440 |  59418 |   6022 |  12415 |  32994 |  51 | 1283.1 |
       Dungeon |  17293 |  14793 |   2500 |   2335 |   9187 |  15 | 1152.9 |
        Temple |     62 |     16 |     46 |      0 |      0 |   1 |   62.0 |
          Lair |  10771 |   9701 |   1070 |   3303 |   4525 |   5 | 2154.2 |
         Swamp |   3191 |   3059 |    132 |    314 |   1938 |   4 |  797.8 |
   Spider Nest |   4019 |   3812 |    207 |    396 |   2366 |   4 | 1004.8 |
  Orcish Mines |   3023 |   2778 |    245 |    941 |   1166 |   2 | 1511.5 |
   Elven Halls |   6618 |   6254 |    364 |   2725 |   2313 |   3 | 2206.0 |
        Vaults |   8295 |   7712 |    583 |    748 |   4996 |   5 | 1659.0 |
         Crypt |   3299 |   3148 |    151 |    115 |   2086 |   3 | 1099.7 |
        Depths |   5585 |   4887 |    698 |    661 |   2979 |   4 | 1396.2 |
           Zot |   2040 |   2018 |     22 |    533 |   1003 |   2 | 1020.0 |
         Abyss |    612 |    612 |      0 |    149 |    224 |   1 |  612.0 |
        Bazaar |    142 |    142 |      0 |      0 |     88 |   1 |  142.0 |
      Ice Cave |    483 |    483 |      0 |    190 |    122 |   1 |  483.0 |
               +--------+--------+--------+--------+--------+-----+--------+

Top non-repeatable levels by time:
  Lair:5: 3520 daAuts
   Elf:3: 3019 daAuts
  Lair:1: 2928 daAuts
   Elf:2: 2480 daAuts
     D:7: 2370 daAuts
   Orc:2: 2152 daAuts
Vaults:5: 1854 daAuts
Vaults:4: 1760 daAuts
Depths:3: 1749 daAuts
Vaults:1: 1697 daAuts
Depths:2: 1623 daAuts
  Lair:2: 1578 daAuts
    D:11: 1542 daAuts
Vaults:2: 1500 daAuts
Vaults:3: 1481 daAuts
